 Dungeon Crawl Stone Soup version 0.19-a0-529-g411dd88 (webtiles) character file.

141 Akett the Ruffian (level 5, -2/44 (46) HPs)
             Began as a Ghoul Monk on June 7, 2016.
             Slain by BrianBop's ghost (9 damage)
             ... on level 4 of the Dungeon.
             The game lasted 00:18:01 (3354 turns).

Akett the Ruffian (Ghoul Monk)                      Turns: 3354, Time: 00:18:02

HP:   -2/44 (46)    AC:  3    Str: 15    XL:     5   Next: 24%
MP:   4/4           EV: 13    Int:  5    God:
Gold: 168           SH:  0    Dex: 12    Spells: 0 memorised, 4 levels left

rFire  + . .     SeeInvis .       - Unarmed
rCold  + . .     Gourm    .     i - +0 robe
rNeg   + + +     Faith    .     (no shield)
rPois  ∞         Spirit   .     (no helmet)
rElec  .         Dismiss  .     (no cloak)
rCorr  .         Reflect  .     (no gloves)
SustAt .         Harm     .     e - +0 pair of boots
MR     .....                    (no amulet)
Stlth  ++........               (no ring)
                                k - ring of protection from fire

@: rotting, not resistant to hostile enchantments, unstealthy
A: rotting body, claws 1, carnivore 3, cold resistance 1, negative energy
resistance 3, slow regeneration 1, torment resistance, unbreathing
a: no special abilities


You were on level 4 of the Dungeon.
You were not hungry.

You visited 1 branch of the dungeon, and saw 4 of its levels.

You collected 168 gold pieces.

Inventory:

Hand Weapons
 a - a +0 whip
Armour
 c - a +1 pair of gloves
 e - a +0 pair of boots (worn)
 i - a +0 robe (worn)
Magical Staves
 d - an uncursed staff of cold
Jewellery
 k - a ring of protection from fire (left claw)
 l - an uncursed ring of magical power
Scrolls
 g - a scroll of identify
 j - a scroll of remove curse
Potions
 f - a potion of degeneration
 h - 2 potions of flight
Comestibles
 b - 4 meat rations


   Skills:
 + Level 4.1 Fighting
 * Level 1.4 Maces & Flails
 + Level 1.5 Armour
 + Level 3.6 Dodging
 - Level 2.1 Stealth
 - Level 4.8 Unarmed Combat


You had 4 spell levels left.
You didn't know any spells.

Dungeon Overview and Level Annotations

Branches:
Dungeon (4/15)
 Temple: D:4-7

Altars:
Nemelex Xobeh
Trog
Vehumet
The Shining One

Annotations:
D:4 BrianBop's ghost, novice HuFi


Innate Abilities, Weirdness & Mutations

Your body is rotting away.
You thrive on raw meat.
You are immune to poison.
You have sharp fingernails.
You are carnivorous and can eat meat at any time.
Your flesh is cold resistant. (rC+)
You are immune to negative energy. (rN+++)
You regenerate slowly when monsters are visible.
You are immune to unholy pain and torment.
You can survive without breathing.


Message History

BrianBop's ghost barely misses you.
Press: ? - help, v - describe, . - travel
Here: BrianBop's ghost (lightly damaged)
The floor.
You scratch BrianBop's ghost but do no damage.
BrianBop's ghost is lightly damaged.
You scratch BrianBop's ghost but do no damage.
BrianBop's ghost is lightly damaged.
BrianBop's ghost closely misses you.
You scratch BrianBop's ghost but do no damage.
BrianBop's ghost is lightly damaged.
BrianBop's ghost hits you!
* * * LOW HITPOINT WARNING * * *
You scratch BrianBop's ghost but do no damage.
BrianBop's ghost is lightly damaged.
BrianBop's ghost closely misses you.
You barely miss BrianBop's ghost.
BrianBop's ghost is lightly damaged.
BrianBop's ghost hits you!
You die...

#....# #...............#
#....# #...............#
####'######...............#
#.....#...#...............#
#.....#...#...............#
#.<...#...'...............#
#.....###'#...............#
#.....#...#####....#####...
#.....#...# #@...+ ...
#.....'...# #W...#
#.....#..######....###
#.....######..#......#
#.....# #...#......#
#.....# #...#......#
#.....# #...+......#
#..(..#######'#......#
#.....#..##.......####


You could see BrianBop's ghost.

Vanquished Creatures
  A hound (D:3)
  An adder (D:3)
  An ooze (D:1)
  5 worms
  A dart slug (D:1)
  3 giant geckos
  An orc (D:3)
  11 bats
  4 giant cockroaches
  8 goblins
  9 hobgoblins
  8 jackals
  4 kobolds (D:1)
  A quokka (D:3)
  2 ball pythons (D:3)
  6 giant newts
  11 rats
77 creatures vanquished.

Notes
Turn   | Place    | Note
--------------------------------------------------------------
     0 | D:1      | Akett the Ghoul Monk began the quest for the Orb.
     0 | D:1      | Reached XP level 1. HP: 19/19 MP: 0/0
   293 | D:1      | Reached XP level 2. HP: 23/26 MP: 1/1
   402 | D:1      | Reached skill level 1 in Armour
   584 | D:1      | Reached XP level 3. HP: 31/31 MP: 2/2
  1573 | D:2      | Reached XP level 4. HP: 20/40 MP: 3/3
  2252 | D:3      | Found a radiant altar of Vehumet.
  2343 | D:3      | Found a glowing drain.
  2530 | D:3      | Found a sparkling altar of Nemelex Xobeh.
  2530 | D:3      | Found a glowing golden altar of the Shining One.
  2534 | D:3      | Found a bloodstained altar of Trog.
  2680 | D:3      | Reached skill level 1 in Maces & Flails
  2680 | D:3      | Reached XP level 5. HP: 17/46 MP: 4/4
  3317 | D:4      | Noticed BrianBop's ghost (novice HuFi)
  3354 | D:4      | Slain by BrianBop's ghost

Vault maps used:
D:1:      roderic_chinese_lattice_arrival, minmay_misc_feat_five
D:2:      first_bread
D:3:      overflow_temple_1_default, nicolae_overflow_hidden_temple,
          portal_sewer_entry_a

Skill      XL: |  1  2  3  4 |
---------------+-------------+-----
Armour         | 1 |  1.5
Dodging        | 3 |  3.6
Fighting       | 4 |  4.1
Maces & Flails | 1 |  1.4
Stealth        | |  2.1
Unarmed Combat | |  4.8

Action                   |  1- 3 |  4- 6 || total
-------------------------+-------+-------++-------
Melee: Unarmed           |   184 |   107 ||   291
       Punch             |     2 |       ||     2
       Whip              |       |     9 ||     9
       Staff             |       |     2 ||     2
  Use: Scroll            |     5 |     5 ||    10
       Potion            |     1 |       ||     1
 Stab: Sleeping          |     2 |     2 ||     4
  Eat: Chunk             |    15 |    19 ||    34
       Beef jerky        |       |     1 ||     1
       Meat ration       |       |     1 ||     1
Armor: Robe              |    46 |    21 ||    67
Dodge: Dodged            |   133 |    55 ||   188
